 Dungeon Crawl Stone Soup version 0.20-a0-222-gb69ddcd (webtiles) character file.

36468 Lochraine the Basher (level 13, -18/137 HPs)
             Began as an Ogre Monk on Nov 29, 2016.
             Was the Champion of Makhleb.
             Killed from afar by a lindwurm (20 damage)
             ... with a blast of flame
             ... while paralysed
             ... on level 6 of the Lair of Beasts.
             The game lasted 00:49:07 (16819 turns).

Lochraine the Basher (Ogre Monk)                   Turns: 16819, Time: 00:49:08

Health: -18/137    AC: 18    Str: 23    XL:     13   Next: 90%
Magic:  22/22      EV:  1    Int:  9    God:    Makhleb [******]
Gold:   1127       SH:  0    Dex: 16    Spells: 12/12 levels left

rFire  . . .     SeeInvis .     a - +0 giant spiked club (protect)
rCold  + + .     Gourm    .     g - +3 ice dragon scales of the Gusle {+Inv rF- rC++ MR+ Str+4}
rNeg   . . .     Faith    .     (shield currently unavailable)
rPois  .         Spirit   .     E - +2 hat
rElec  .         Reflect  .     (no cloak)
rCorr  .         Harm     .     (gloves unavailable)
MR     ++...                    (boots unavailable)
Stlth  ..........               (no amulet)
                                q - +3 ring of evasion
                                I - ring of protection from fire

@: paralysed, lethally poisoned (-18 -> -22), exhausted, slowed, studying
Dodging
A: unfitting armour, tough skin 1
a: Minor Destruction, Lesser Servant of Makhleb, Major Destruction, Greater
Servant of Makhleb, Renounce Religion, Evoke Invisibility


You were on level 6 of the Lair of Beasts.
You worshipped Makhleb.
Makhleb was exalted by your worship.
You were hungry.

You visited 3 branches of the dungeon, and saw 18 of its levels.
You also visited: Sewer and Ossuary.

You collected 1321 gold pieces.
You spent 194 gold pieces at shops.

Inventory:

Hand Weapons
 a - a +0 giant spiked club of protection (weapon)
 b - a +3 whip of electrocution
Missiles
 j - 2 throwing nets (quivered)
 D - 5 large rocks
Armour
 g - the +3 ice dragon scales of the Gusle (worn) {+Inv rF- rC++ MR+ Str+4}
   (You acquired it on level 2 of the Lair of Beasts)

   It affects your strength (+4).
   It makes you vulnerable to fire.
   It greatly protects you from cold.
   It affects your resistance to hostile enchantments.
   It lets you turn invisible.
 E - a +2 hat (worn)
Jewellery
 q - a +3 ring of evasion (right hand)
 I - a ring of protection from fire (left hand)
 L - an uncursed ring of ice
 O - an uncursed ring of resist corrosion
 S - a +4 ring of intelligence
Wands
 d - a wand of iceblast (10/15)
 l - a wand of paralysis (9/24)
 r - a wand of lightning (6/15)
 t - a wand of confusion (18/48)
 y - a wand of digging (11/24)
 z - a wand of lightning (5/15)
 F - a wand of digging (8/24)
 V - a wand of iceblast (3/15)
Scrolls
 f - 7 scrolls of remove curse
 m - 2 scrolls of immolation
 n - 7 scrolls of identify
 x - 2 scrolls of blinking
 B - a scroll of magic mapping
 G - 3 scrolls of recharging
 J - 4 scrolls of amnesia
 M - a scroll of fog
 N - 3 scrolls of fear
 R - a scroll of enchant weapon
 T - a scroll of acquirement
 U - 3 scrolls of teleportation
Potions
 e - 4 potions of heal wounds
 h - 5 potions of brilliance
 i - a potion of might
 k - 4 potions of lignification
 o - a potion of resistance
 p - 8 potions of curing
 s - 3 potions of mutation
 v - 4 potions of flight
 H - 3 potions of cancellation
 K - 4 potions of magic
 P - a potion of agility
 X - 2 potions of ambrosia {unknown}
Books
 W - a manual of Dodging
Comestibles
 c - 18 bread rations
 u - 6 chunks of flesh
 A - 21 fruits
 C - 5 meat rations
 Q - 25 beef jerkies


   Skills:
 - Level 11.5 Fighting
 - Level 12.6 Maces & Flails
 - Level 7.4 Armour
 + Level 11.7 Dodging
 - Level 1.4 Stealth
 - Level 12.1 Invocations
 - Level 7.2 Evocations


You had 12 spell levels left.
You didn't know any spells.

Dungeon Overview and Level Annotations

Branches:
Dungeon (11/15)            Temple (1/1) D:4            Lair (6/6) D:8
 Shoals (0/4) Lair:2        Snake (0/4) Lair:3        Slime (0/5) Lair:6
    Orc: D:9-12

Altars:
Ashenzari
Cheibriados
Dithmenos
Elyvilon
Fedhas
Gozag
Hepliaklqana
Kikubaaqudgha
Makhleb
Nemelex Xobeh
Okawaru
Qazlal
Ru
Sif Muna
Trog
Uskayaw
Vehumet
Xom
Yredelemnul
Zin
The Shining One

Shops:
D:4 !   D:5 *

Annotations:
Lair:4 exclusion: oklob plant
Lair:6 1 runed door


Innate Abilities, Weirdness & Mutations

You are too large for most types of armour.
You have tough skin. (AC +1)


Message History

* * * LOW HITPOINT WARNING * * *
The tyrant leech draws strength from your injuries!
The tyrant leech completely misses you.
The hornet closely misses you. 2 torpor snails come into view.
You feel a strong urge to attack something.
You are no longer berserk.
You pass out from exhaustion.
You feel as though you will be slow longer.
The hornet stings you but does no damage.
The hornet stings you but does no damage.
The tyrant leech bites you!!
* * * LOW HITPOINT WARNING * * *
The tyrant leech draws strength from your injuries!
The hornet stings you!
* * * LOW HITPOINT WARNING * * *
You are lethally poisoned!
You shrug off the repeated paralysis!
The lindwurm breathes flames at you.
Helpless, you fail to dodge the blast of flame.
You die... ##..#..## PPP.#

# #####..## .P..#.##
#....# #...#.## w..
##..### #...#.# ...#
#..## ####.w..#...#
###..# ##.#.w†.†..#
+#...## ##.#..wwP.#.#
#P8.### #.#.kyw.###
...##.# ###....@###
#....#####..†..#..#
##....#.#.....##....P
###........#####.....
###.P.#### ####...
##### ##


You could see 3 tyrant leeches, 2 torpor snails, a lindwurm and a hornet.

Vanquished Creatures
  4 hydras
  5 death yaks (Lair:6)
  Sonja (Lair:2)
  Pikel (D:4)
  A hill giant (D:9)
  2 black mambas (Lair:6)
  2 merfolk sirens (Lair:2)
  A torpor snail (Lair:6)
  10 spiny frogs
  A gargoyle (D:10)
  A rime drake (Lair:5)
  The ghost of Zorot the Ruffian, a novice VSMo (Ossuary)
  6 komodo dragons
  A two-headed ogre (D:8)
  A troll (D:9)
  8 polar bears
  6 blink frogs
  2 slime creatures (Lair:6)
  7 hippogriffs
  A raiju (Lair:6)
  4 dream sheep (Lair:4)
  A vampire (D:9)
  A wraith (D:10)
  Sigmund (D:3)
  2 yaks
  3 basilisks
  A wyvern (Lair:5)
  A human (shapeshifter) (D:9)
  5 wargs (Lair:6)
  A hungry ghost (D:5)
  3 insubstantial wisps (Lair:2)
  3 nagas (Lair:3)
  7 water moccasins
  11 hell hounds (Lair:6)
  8 orc warriors
  5 porcupines
  A hornet zombie (D:8)
  2 sky beasts
  5 black bears
  3 ice beasts
  A phantom (D:9)
  16 wolves
  4 centaurs
  6 ogres
  4 crocodiles
  2 big kobolds
  8 bullfrogs
  4 scorpions
  13 killer bees
  12 wights
  2 vampire bats (D:6)
  3 howler monkeys
  3 bullfrog zombies
  2 crimson imps
  A centaur zombie (D:10)
  2 bullfrog skeletons
  4 jellies
  19 orc wizards
  5 orc priests
  2 gnoll shamans
  5 hounds
  Jessica (D:3)
  Ijyb (D:2)
  Natasha (thrice) (D:2)
  2 hell rats (Lair:1)
  4 worker ants
  A big kobold zombie (Ossuary)
  2 hound zombies
  9 mummies
  A howler monkey zombie (D:6)
  14 gnolls
  14 adders
  8 river rats (Lair:1)
  A howler monkey skeleton (D:10)
  3 shadow imps
  7 oozes
  An adder skeleton (D:4)
  4 worms
  4 dart slugs
  13 leopard geckos
  61 orcs
  25 giant cockroaches
  7 goblins
  11 hobgoblins
  11 jackals
  19 kobolds
  3 quokkas (D:3)
  10 ball pythons
  8 bats
  12 frilled lizards
  2 gnoll zombies (Ossuary)
  2 hobgoblin zombies
  A jackal skeleton (D:6)
  A jackal zombie (D:5)
  3 kobold zombies
  2 orc zombies (Ossuary)
  6 rats
  A butterfly (D:3)
  A plant (Lair:6)
527 creatures vanquished.

Vanquished Creatures (collateral kills)
  Fannar (Lair:2)
  An alligator (Lair:6)
  A merfolk siren (Lair:2)
  2 spiny frogs
  A merfolk (Lair:2)
  3 polar bears (Lair:6)
  A blink frog (Lair:4)
  2 raiju (Lair:6)
  2 dream sheep (Lair:4)
  2 yaks (Lair:2)
  A warg (Lair:6)
  A vampire mosquito (Lair:2)
  3 insubstantial wisps (Lair:2)
  A hell hound (Lair:6)
  9 black bears
  5 wolves
  A crocodile (Lair:4)
  An electric eel (Lair:6)
  An orc (D:10)
  A plant (Lair:6)
40 creatures vanquished.

Vanquished Creatures (others)
  11 plants
11 creatures vanquished.

Grand Total: 578 creatures vanquished

Notes
Turn   | Place    | Note
-------+----------+-------------------------------------------
     0 | D:1      | Lochraine the Ogre Monk began the quest for the Orb.
     0 | D:1      | Reached XP level 1. HP: 24/24 MP: 1/1
   100 | D:1      | Reached XP level 2. HP: 26/32 MP: 2/2
   462 | D:1      | Reached XP level 3. HP: 40/40 MP: 3/3
   728 | D:2      | Noticed Natasha
   740 | D:2      | Killed Natasha
   740 | D:2      | Reached skill level 5 in Maces & Flails
   977 | D:2      | Reached XP level 4. HP: 40/49 MP: 4/4
  1449 | D:2      | Noticed Ijyb
  1460 | D:2      | HP: 1/49 [goblin (4)]
  1470 | D:2      | Killed Ijyb
  1492 | D:2      | Noticed Natasha
  1496 | D:2      | Killed Natasha
  1496 | D:2      | Reached XP level 5. HP: 41/55 MP: 5/5
  1501 | D:2      | Noticed Natasha
  1696 | D:2      | Reached skill level 5 in Fighting
  1745 | D:2      | Killed Natasha
  1745 | D:2      | Reached skill level 1 in Evocations
  2387 | D:3      | Reached XP level 6. HP: 66/66 MP: 6/6
  2421 | D:3      | Noticed Jessica
  2425 | D:3      | Killed Jessica
  2443 | D:3      | Found a glowing drain.
  2448 | Sewer    | Entered a sewer
  3067 | D:3      | Reached XP level 7. HP: 71/74 MP: 7/7
  3071 | D:3      | Found a shadowy altar of Dithmenos.
  3156 | D:3      | Noticed Sigmund
  3271 | D:3      | Found a shimmering altar of Xom.
  3937 | D:3      | Killed Sigmund
  4115 | D:4      | Found Careytz's Distillery.
  4132 | D:4      | Bought a potion of heal wounds for 55 gold pieces
  4132 | D:4      | Bought a potion of heal wounds for 55 gold pieces
  4132 | D:4      | Bought 2 potions of curing for 66 gold pieces
  4269 | D:4      | Noticed Pikel
  4315 | D:4      | Killed Pikel
  4315 | D:4      | Reached skill level 10 in Maces & Flails
  4315 | D:4      | Reached skill level 5 in Dodging
  4315 | D:4      | Reached XP level 8. HP: 52/87 MP: 8/8
  4678 | D:4      | Found a staircase to the Ecumenical Temple.
  4685 | Temple   | Entered the Ecumenical Temple
  4732 | Temple   | Became a worshipper of Makhleb the Destroyer
  4732 | Temple   | Reached * piety under Makhleb
  4732 | Temple   | Reached ** piety under Makhleb
  4888 | D:5      | Entered Level 5 of the Dungeon
  5040 | D:5      | Reached skill level 1 in Invocations
  5157 | D:5      | Found a sand-covered staircase.
  5162 | Ossuary  | Entered an ossuary
  5190 | Ossuary  | Noticed Zorot's ghost (novice VSMo)
  5199 | Ossuary  | Killed Zorot's ghost
  5199 | Ossuary  | Reached XP level 9. HP: 82/93 MP: 10/10
  5440 | D:5      | Found Digosmedgh's Assorted Antiques.
  5465 | D:5      | Bought a ruby potion for 18 gold pieces
  5567 | D:5      | Found a radiant altar of Vehumet.
  5691 | D:5      | Found a bloodstained altar of Trog.
  5717 | D:5      | Reached *** piety under Makhleb
  6531 | D:6      | Reached skill level 5 in Invocations
  6552 | D:6      | Found a shattered altar of Ashenzari.
  6736 | D:6      | Reached **** piety under Makhleb
  6856 | D:7      | Reached XP level 10. HP: 91/104 MP: 14/14
  6867 | D:7      | Found an iron altar of Okawaru.
  7112 | D:7      | Found a stormy altar of Qazlal.
  8225 | D:8      | Reached ***** piety under Makhleb
  8837 | D:8      | Found a staircase to the Lair.
  9968 | D:9      | Reached XP level 11. HP: 104/117 MP: 17/17
 10088 | D:9      | Noticed a hill giant
 10098 | D:9      | Killed a hill giant
 10098 | D:9      | Reached skill level 10 in Fighting
 10134 | D:9      | Got a crystal whip
 10135 | D:9      | Identified the +5 whip of Kismet {venom, Dex+4} (You found it on level 9 of the Dungeon)
 10440 | D:9      | Found a sacrificial altar of Ru.
 10673 | D:10     | Entered Level 10 of the Dungeon
 10756 | D:10     | Reached skill level 10 in Invocations
 10848 | D:10     | Noticed an eight-headed hydra
 11658 | D:11     | Noticed a purple ugly thing
 11788 | Lair:1   | Entered Level 1 of the Lair of Beasts
 12768 | Lair:2   | Noticed Fannar
 12806 | Lair:2   | Killed Fannar
 12860 | Lair:2   | Identified 3 scrolls of acquirement
 12942 | Lair:2   | Noticed Sonja
 12950 | Lair:2   | Killed Sonja
 12981 | Lair:2   | Found a staircase to the Shoals.
 13023 | Lair:2   | Reached XP level 12. HP: 130/130 MP: 20/20
 13077 | Lair:2   | Got ancient ice dragon scales
 13089 | Lair:2   | Identified the +3 ice dragon scales of the Gusle {+Inv rF- rC++ MR+ Str+4} (You acquired it on level 2 of the Lair of Beasts)
 13227 | Lair:2   | Noticed an eight-headed hydra
 13234 | Lair:2   | Killed an eight-headed hydra
 13477 | Lair:3   | Reached skill level 1 in Armour
 13478 | Lair:3   | Found a staircase to the Snake Pit.
 13515 | Lair:3   | Reached ****** piety under Makhleb
 13521 | Lair:3   | Identified the cursed +1 robe "Zolietz" {+Inv} (You found it on level 3 of the Lair of Beasts)
 14382 | Lair:4   | Found a glowing golden altar of the Shining One.
 14772 | Lair:4   | Reached skill level 5 in Armour
 15425 | Lair:5   | Reached skill level 5 in Evocations
 15530 | Lair:5   | Reached XP level 13. HP: 137/137 MP: 22/22
 16022 | Lair:6   | Entered Level 6 of the Lair of Beasts
 16032 | Lair:6   | Found a staircase to the Slime Pits.
 16645 | Lair:6   | Reached skill level 10 in Dodging
 16766 | Lair:6   | Found a runed door.
 16819 | Lair:6   | HP: 2/137 [hornet (8)]
 16819 | Lair:6   | Killed from afar by a lindwurm

Vault maps used:
D:1:      lordsloth_arrival_two_stooges, minivault_25, minmay_tiny_reverse_x
D:2:      serial_forest, infiniplex_forest_clump_small,
          infiniplex_forest_side_room, infiniplex_forest_lined_3,
          infiniplex_forest_corner_1, infiniplex_forest_end_2,
          infiniplex_forest_lined_room_, dk_noncrumbling_4, uniq_natasha,
          uniq_iyjb
D:3:      nicolae_dithmenos_shadow_blocks, xom_butterflies,
          lightli_sewer_entry_pipes, first_bread, uniq_jessica, uniq_sigmund
D:4:      serial_shops, nicolae_shop_trees, uniq_pikel
D:5:      fiery_altar_vehumet, nicolae_ossuary_entry_giza, serial_shops,
          nicolae_shop_trees, trog_hazing_becter
D:6:      marbit_many_paths, minmay_guarded_unrand_vampires_tooth
D:7:      nicolae_overflow_hidden_temple, okawaru_gym_becter, grunt_ogre_cave
D:8:      lair_entry_dummy
D:9:      kennysheep_mini_moat
D:11:     uniq_harold, uniq_erolcha
Temple:   jpeg_temple_clearing
Lair:1:   kennysheep_rathole, lemuel_fruit_fields
Lair:2:   elwin_shoals_entry_stream, pond, lemuel_fruit_tree, uniq_fannar,
          uniq_sonja
Lair:3:   guppyfry_snake_entry_island, serial_bayou_lagoon_a,
          grunt_forest_stairs_basic, beast_lair_carwin_1
Lair:4:   lemuel_oklob_altar, lemuel_fruit_fields
Lair:6:   wormcave, hangedman_lair_caniforms_friends,
          minmay_slime_entry_pillars, infiniplex_staircase_pool
Sewer:    sewer_frog_island_02
Ossuary:  ossuary_tomb_3

Skill      XL: |  1  2  3  4  5  6  7  8  9 10 11 12 13 |
---------------+----------------------------------------+-----
Dodging        | 3 4 5 6 8 9 11 | 11.7
Maces & Flails | 5 6 7 10 11 12 | 12.6
Fighting       | 5 7 8 9 11 | 11.5
Evocations     | 1 5 7 |  7.2
Invocations    | 2 5 9 11 12 | 12.1
Armour         | 5 7 |  7.4
Stealth        | |  1.4

Action                   |  1- 3 |  4- 6 |  7- 9 | 10-12 | 13-15 || total
-------------------------+-------+-------+-------+-------+-------++-------
Melee: Mace              |    74 |    41 |       |       |       ||   115
       Whip              |       |   259 |   273 |   663 |       ||  1195
       Flail             |       |       |    97 |       |       ||    97
       Giant spiked club |       |       |   108 |   221 |   298 ||   627
Invok: Minor Destruction |       |       |     5 |    33 |     7 ||    45
       Lesser Servant of |       |       |       |     9 |     4 ||    13
       Major Destruction |       |       |       |     1 |     1 ||     2
Evoke: Wand              |       |     3 |     4 |     3 |       ||    10
  Use: Potion            |       |     2 |     3 |     9 |     1 ||    15
       Scroll            |       |     3 |     2 |    26 |       ||    31
 Stab: Sleeping          |     2 |     4 |     2 |     3 |       ||    11
       Distracted        |       |     1 |       |     2 |     3 ||     6
  Eat: Chunk             |       |     8 |    13 |    22 |     4 ||    47
       Pizza             |       |       |     1 |     1 |       ||     2
       Bread ration      |       |       |       |     1 |       ||     1
Armor: Robe              |    15 |    41 |    30 |       |       ||    86
       Animal skin       |       |       |    13 |    13 |       ||    26
       Troll leather arm |       |       |       |    47 |       ||    47
       Ice dragon scales |       |       |       |   103 |   295 ||   398
Dodge: Dodged            |    37 |   168 |   328 |   604 |   460 ||  1597
